 Dungeon Crawl Stone Soup version 0.27.0-1-g7a08968 (webtiles) character file.

Game seed: 10134688604777794789

109 JeffreyEpstein the Gusty (level 4, -2/30 HPs)
             Began as a Barachi Air Elementalist on Dec 28, 2021.
             Was a Believer of Uskayaw.
             Slain by Ijyb (4 damage)
             ... on level 3 of the Dungeon on Dec 29, 2021.
             The game lasted 00:21:09 (2883 turns).

JeffreyEpstein the Gusty (Barachi Air Elementalist) Turns: 2883, Time: 00:21:10

Health: -2/30      AC:  3    Str: 10    XL:     4   Next: 89%
Magic:  1/8        EV: 12    Int: 16    God:    Uskayaw [**....]
Gold:   67         SH:  0    Dex: 12    Spells: 2/8 levels left

rFire    . . .     SeeInvis .   b - +0 whip (elec)
rCold    + . .     Faith    .   (no shield)
rNeg     . . .     Spirit   .   a - +0 robe
rPois    .         Reflect  .   (no helmet)
rElec    .         Harm     .   (no cloak)
rCorr    .         Rampage  .   (no gloves)
Will     .....                  d - +0 pair of boots
Stlth    ++........             (no amulet)
HPRegen  0.10/turn              f - ring of protection from cold
MPRegen  0.11/turn              (no ring)

@: sluggish, very slow
A: amphibious, slowness 1, strong legs 1, +LOS
a: Hop, Renounce Religion, Stomp, Line Pass


You were on level 3 of the Dungeon.
You worshipped Uskayaw.
Uskayaw was noncommittal.
You visited 1 branch of the dungeon, and saw 3 of its levels.

You collected 93 gold pieces.
You spent 26 gold pieces at shops.

Inventory:

Hand Weapons
 b - a +0 whip of electrocution (weapon)
 j - a -1 dagger
Missiles
 c - 66 stones
 o - 16 poisoned darts
Armour
 a - a +0 robe (worn)
 d - a +0 pair of boots (worn)
 q - a +0 leather armour
Jewellery
 f - a ring of protection from cold (left hand)
 l - a ring of see invisible
Wands
 k - a wand of polymorph (6)
Scrolls
 e - a scroll of noise {unknown}
 g - a scroll of enchant weapon
 h - a scroll of fog
 i - a scroll of enchant armour {unknown}
 m - 2 scrolls of torment
 n - a scroll of brand weapon {unknown}
 p - a scroll of blinking {unknown}
 r - 2 scrolls of identify


   Skills:
 + Level 3.0 Dodging
 + Level 2.6 Stealth
 + Level 2.9 Spellcasting
 + Level 2.3 Conjurations
 + Level 4.0 Air Magic


You had 2 spell levels left.
You knew the following spells:

 Your Spells              Type           Power      Damage    Failure   Level
a - Shock                 Conj/Air       48%        1d6       5%          1
b - Static Discharge      Conj/Air       12%        N/A       8%          2
c - Swiftness             Air            15%        N/A       11%         3

Your spell library contained the following spells:

 Spells                   Type           Power      Damage    Failure   Level
 Airstrike                Air            7%         N/A       36%         4


Dungeon Overview and Level Annotations

Branches:
Dungeon (3/15)

Altars:
Uskayaw
Xom
Zin

Shops:
D:1 [   D:2 [?

Annotations:
D:3 Ijyb


Innate Abilities, Weirdness & Mutations

You are amphibious.
You cover ground slowly.
You can hop short distances.
You have an extended range of vision and can be seen from far away.


Message History

Ijyb is moderately wounded.
Ijyb zaps a wand.
The bolt of acid hits you! The acid corrodes you!
You are splashed with acid!
You see here a rat corpse.
Ijyb zaps a wand.
The bolt of acid misses you.
Ijyb screams, "No!
No, no, no, no!"
Casting: Shock (safe; 5% risk of failure)
Confirm with . or Enter, or press ? or * to list all spells.
The spell is quite dangerous to cast (11% risk of failure)!
Continue anyway?
You feel quick.
You see here a bat corpse.
Ijyb screams, "No!
No, no, no, no!"
You are no longer corroded.
You start to feel a little slower.
Ijyb hits you with a +0 club.
* * * LOW HITPOINT WARNING * * *
You hit Ijyb but do no damage. Lightning courses through Ijyb!
Ijyb is severely wounded.
Ijyb hits you with a +0 club.
* * * LOW HITPOINT WARNING * * *
You hit Ijyb but do no damage.
Ijyb is severely wounded.
Ijyb hits you with a +0 club.
* * * LOW HITPOINT WARNING * * *
You barely miss Ijyb.
Ijyb is severely wounded.
Ijyb misses you.
Casting: Swiftness (quite dangerous; 11% risk of failure)
Confirm with . or Enter, or press ? or * to list all spells.
Ijyb is struck by an arc of lightning.
Ijyb is almost dead.
You are struck by an arc of lightning.
* * * LOW HITPOINT WARNING * * *
The lightning grounds out.
Ijyb misses you.
You can now pass through a line of other dancers.
You closely miss Ijyb.
Ijyb is almost dead.
You feel sluggish. Ijyb hits you with a +0 club.
You die...

.#########.#.####..§§§#._. ≈.
..........†#.#......≈.... .≈.
.#...####..#.#.#..#§≈§#####.≈.
# #.........#.≈...§...§.
#.)..#.#..(.§≈≈≈≈≈≈≈≈.
#.####†#.#....§.......
#.#......#...#...###.#
#.#.##g########..# #.#
###..@.########..###..
#...............##..
#....##########.##.. #....#
#..#.. #....# ######(#..
#....# #......... #...#.
.....###..#' #...#.. ... ##.#.
#...#.... #.##


You could see Ijyb.

Vanquished Creatures
  An orc wizard (D:3)
  2 adders
  A worm (D:2)
  A dart slug (D:3)
  3 orcs (D:3)
  5 ball pythons
  5 endoplasms
  A giant cockroach (D:2)
  4 goblins
  5 hobgoblins
  7 jackals
  4 kobolds
  A quokka (D:2)
  4 bats
  6 frilled lizards
  4 rats
54 creatures vanquished.

Notes
Turn   | Place    | Note
-------+----------+-------------------------------------------
     0 | D:1      | JeffreyEpstein the Barachi Air Elementalist began the quest
                  | for the Orb.
     0 | D:1      | Reached XP level 1. HP: 13/13 MP: 3/3
   217 | D:1      | Reached XP level 2. HP: 19/19 MP: 1/5
   594 | D:1      | Found Kevi's Antique Armour Boutique.
   600 | D:1      | Found a faded altar of an unknown god.
   763 | D:1      | Learned a level 2 spell: Static Discharge
   975 | D:1      | Became a worshipper of Uskayaw the Reveller
   975 | D:1      | Reached * piety under Uskayaw
  1013 | D:2      | Found a shimmering altar of Xom.
  1024 | D:2      | Reached XP level 3. HP: 19/24 MP: 3/6
  1113 | D:2      | Reached ** piety under Uskayaw
  1127 | D:2      | HP: 1/24 [poisoned by an adder]
  1819 | D:2      | Found Docsyery's Antique Armour Emporium.
  1867 | D:2      | Reached XP level 4. HP: 16/30 MP: 0/8
  2068 | D:2      | Found Pediut Moco's Magic Scroll Boutique.
  2087 | D:2      | Bought a scroll of identify for 26 gold pieces
  2111 | D:2      | Learned a level 3 spell: Swiftness
  2779 | D:3      | Reached skill level 4 in Air Magic
  2823 | D:3      | Found a glowing silver altar of Zin.
  2858 | D:3      | Noticed Ijyb
  2883 | D:3      | Slain by Ijyb

Illustrated notes

Levels and vault maps discovered:
D:1:      minmay_arrival_doors, layout_rooms, ebering_ecumenical_altar_rust,
          serial_forest, infiniplex_forest_end_2, infiniplex_forest_zigzag_1,
          infiniplex_forest_join, infiniplex_forest_lined_3,
          infiniplex_forest_lined_2, serial_shops, shop
D:2:      layout_rooms, basic_altar, serial_shops, shop, nicolae_shop_trees
D:3:      layout_basic, mainiacjoe_overflow_brackets,
          kennysheep_generic_room_16, uniq_robin, uniq_ijyb

Skill      XL: |  1  2  3  4 |
---------------+-------------+-----
Stealth        | 2 |  2.6
Conjurations   | 2 |  2.3
Dodging        | 3 |  3.0
Air Magic      | 4 |  4.0
Spellcasting   | |  2.9

Action                   |  1- 3 |  4- 6 || total
-------------------------+-------+-------++-------
Melee: Unarmed           |     7 |       ||     7
       Whip              |    45 |    25 ||    70
 Cast: Shock             |    45 |    24 ||    69
       Static Discharge  |     3 |     2 ||     5
       Swiftness         |       |     1 ||     1
Invok: Stomp             |       |     1 ||     1
  Use: Potion            |     2 |       ||     2
       Scroll            |       |     3 ||     3
 Stab: Sleeping          |     1 |     2 ||     3
Armor: Robe              |    16 |     6 ||    22
Dodge: Dodged            |    48 |    16 ||    64
